 Dungeon Crawl Stone Soup version 0.29-a0-613-gf2c431b9b9 (webtiles) character file.

Game seed: 2995199678365884134

5 blackman the Sneak (level 1, 0/18 HPs)
             Began as a Human Delver on June 16, 2022.
             Slain by a quokka (4 damage)
             ... on level 5 of the Dungeon.
             The game lasted 00:00:16 (31 turns).

blackman the Sneak (Human Delver)                     Turns: 31, Time: 00:00:16

Health: 0/18       AC:  3    Str: 12    XL:     1   Next: 88%
Magic:  1/1        EV: 12    Int: 10    God:
Gold:   0          SH:  0    Dex: 14    Spells: 0/0 levels left

rFire   . . .      SeeInvis .   a - +0 hand axe
rCold   . . .      Faith    .   (no shield)
rNeg    . . .      Spirit   .   b - +0 leather armour
rPois   .          Reflect  .   (no helmet)
rElec   .          Harm     .   (no cloak)
rCorr   .          Rampage  .   (no gloves)
Will    .....                   (no boots)
Stlth   +++.......              (no amulet)
HPRegen 0.06/turn               (no ring)
MPRegen 0.07/turn               (no ring)

@: no status effects
A: no striking features
a: no special abilities


You were on level 5 of the Dungeon.
You visited 1 branch of the dungeon, and saw 1 of its levels.

Inventory:

Hand Weapons
 a - a +0 hand axe (weapon)
Armour
 b - a +0 leather armour (worn)
 d - a +0 chain mail
Wands
 g - a wand of digging (3)
Scrolls
 c - a scroll of fog
 e - a scroll of fear
Potions
 f - a potion of haste


   Skills:
 + Level 3.1 Fighting
 + Level 2.1 Axes
 + Level 2.1 Dodging
 + Level 5.0 Stealth


You couldn't memorise any spells.
You didn't know any spells.
Your spell library was empty.

Dungeon Overview and Level Annotations

Branches:
Dungeon (5/15)
 Temple: D:4-7

Altars:

Portals:
Sewer: D:5


Message History

You hit the quokka but do no damage. The quokka barely misses you.
You barely miss the quokka. The quokka barely misses you. x2
You hit the giant cockroach.
The giant cockroach is severely wounded.
You closely miss the quokka. The giant cockroach barely misses you.
The quokka splashes around in the water.
The giant cockroach bites you.
The giant cockroach attacks as you move away!
The giant cockroach bites you. The quokka misses you.
The giant cockroach attacks as you move away!
The giant cockroach closely misses you. The quokka attacks as you move away!
The quokka splashes around in the water.
You are too injured to fight recklessly!
You are too injured to fight recklessly!
You are too injured to fight recklessly!
You are too injured to fight recklessly!
You are too injured to fight recklessly!
You closely miss the giant cockroach.
The giant cockroach is severely wounded.
You hit the quokka.
The giant cockroach splashes around in the water.
The quokka misses you. The giant cockroach barely misses you.
The quokka bites you but does no damage.
You barely miss the giant cockroach.
The giant cockroach is severely wounded.
You hit the quokka.
The giant cockroach bites you but does no damage.
The quokka splashes around in the water.
You hit the giant cockroach.
You kill the giant cockroach!
You hit the quokka. The quokka closely misses you.
The quokka splashes around in the water.
You closely miss the quokka.
The quokka is severely wounded.
The quokka bites you.
* * * LOW HITPOINT WARNING * * *
You closely miss the quokka.
The quokka is severely wounded.
The quokka bites you.
You die...

,,,**,***,,**,#≈≈≈#*,*
**** ,,,**,*
**,**,#≈≈≈#*,* *,,,
,,,**,****,**,#≈≈≈#,,*
*,,,
,,,**,,,**,***#≈∩≈#***
*,,, ,,,+,,,,*#.#*
#≈≈≈# *,,,
,,,**,,,**..* #≈≈≈#
*,,,
,,,**,,,**#.#*#≈≈≈#
*,,, ,,,**,,,*
#..*#≈†r# *,,,
*****,,,* *#.##.@.#
*,,, ***** #.....##
**** ***######...##
*,,........##
*,,........#
*,,........#
*,,.......>#
*,,.......##
*,,.......*


You could see a quokka.

Vanquished Creatures
  4 giant cockroaches (D:5)
4 creatures vanquished.

Notes
Turn   | Place    | Note
-------+----------+-------------------------------------------
     0 | D:5      | blackman the Human Delver began the quest for the Orb.
     0 | D:5      | Reached XP level 1. HP: 18/18 MP: 1/1
    16 | D:5      | Found a glowing drain.
    31 | D:5      | Slain by a quokka

Illustrated notes

Levels and vault maps discovered:
D:5:      layout_basic, portal_sewer_entry_f

Action                   || total
-------------------------++-------
Melee: Hand axe          ||    17
  Use: Scroll            ||     1
Armor: Leather armour    ||     6
Dodge: Dodged            ||    16

Table legend: (Time is in decaauts)
 A = Elapsed time spent in this place.
 B = Non-inter-level travel time spent in this place.
 C = Inter-level travel time spent in this place.
 D = Time resting spent in this place.
 E = Time spent auto-exploring this place.
 F = Levels seen in this place.
 G = Mean time per level.
                   A        B        C        D        E       F      G
               +--------+--------+--------+--------+--------+-----+--------+
         Total |     36 |     36 |      0 |      0 |      0 |   1 |   36.0 |
       Dungeon |     36 |     36 |      0 |      0 |      0 |   1 |   36.0 |
               +--------+--------+--------+--------+--------+-----+--------+

Top non-repeatable levels by time:
     D:5: 36 daAuts
